 Dungeon Crawl Stone Soup version 0.27.1-3-gb3d3a73c9e (webtiles) character file.

Game seed: 977753067303959835

73 Descartes the Conjurer (level 4, 0/25 HPs)
             Began as a Deep Elf Wanderer on Oct 10, 2021.
             Slain by an orc wizard (2 damage)
             ... on level 2 of the Dungeon.
             The game lasted 00:05:44 (3157 turns).

Descartes the Conjurer (Deep Elf Wanderer)          Turns: 3157, Time: 00:05:45

Health: 0/25       AC:  3    Str:  7    XL:     4   Next: 8%
Magic:  1/6        EV: 12    Int: 19    God:
Gold:   117        SH:  0    Dex: 15    Spells: 2/3 levels left

rFire    . . .     SeeInvis .   a - +0 dagger
rCold    + . .     Faith    .   (no shield)
rNeg     . . .     Spirit   .   b - +0 robe
rPois    .         Reflect  .   (no helmet)
rElec    .         Harm     .   (no cloak)
rCorr    .         Rampage  .   q - +0 pair of gloves
Will     .....                  (no boots)
Stlth    +.........             (no amulet)
HPRegen  0.08/turn              g - ring of protection from cold
MPRegen  0.10/turn              (no ring)

@: confused
A: no striking features
a: no special abilities


You were on level 2 of the Dungeon.
You visited 1 branch of the dungeon, and saw 3 of its levels.

You collected 117 gold pieces.

Inventory:

Hand Weapons
 a - a +0 dagger (weapon)
Missiles
 i - 45 stones
 n - 17 arrows
Armour
 b - a +0 robe (worn)
 q - a +0 pair of gloves (worn)
Jewellery
 g - a ring of protection from cold (left hand)
Scrolls
 d - 3 scrolls of identify {unknown}
 h - a scroll of enchant armour {unknown}
 k - 2 scrolls of noise {unknown}
 o - 2 scrolls of acquirement {unknown}
Potions
 c - 2 potions of curing
 e - a potion of flight {unknown}
 f - a potion of haste {unknown}
 j - 2 potions of cancellation {unknown}
 l - a potion of mutation {unknown}
 m - a potion of invisibility {unknown}
 p - a potion of heal wounds {unknown}


   Skills:
 - Level 1.0 Fighting
 + Level 1.5 Dodging
 + Level 2.7 Stealth
 * Level 3.9 Conjurations
 - Level 2.1 Summonings
 - Level 3.2 Translocations
 - Level 1.1 Evocations


You had 2 spell levels left.
You knew the following spells:

 Your Spells              Type           Power      Damage    Failure   Level
a - Magic Dart            Conj           56%        1d5       4%          1

Your spell library contained the following spells:

 Spells                   Type           Power      Damage    Failure   Level
 Blink                    Tloc           N/A        N/A       9%          2
 Call Imp                 Summ           8%         N/A       13%         2
 Slow                     Hex            0%         N/A       30%         2
 Conjure Flame            Conj/Fire      7%         6-21      28%         3
 Mephitic Cloud           Conj/Pois/Air  4%         N/A       36%         3
 Petrify                  Tmut/Erth      0%         N/A       90%         4
 Metabolic Englaciation   Hex/Ice        0%         N/A       99%         5
 Statue Form              Tmut/Erth      0%         N/A       100%        6


Dungeon Overview and Level Annotations

Branches:
Dungeon (3/15)

Altars:
Xom

Annotations:
D:2 1 runed translucent door, Crazy Yiuf


Message History

Casting: Magic Dart (safe; 4% risk of failure)
Confirm with . or Enter, or press ? or * to list all spells.
Aiming: Magic Dart (safe; 4% risk of failure)
Press: ? - help, Shift-Dir - straight line, f/p - orc wizard
Aim: an orc wizard, wielding a +0 dagger and wearing a +0 robe (heavily wounded, 100% to hit)
The magic dart hits the orc wizard but does no damage.
The orc wizard is heavily wounded.
The orc wizard barely misses you.
You hit the orc wizard but do no damage.
The orc wizard is heavily wounded.
The orc wizard gestures at you while chanting.
The puff of flame hits you.
* * * LOW HITPOINT WARNING * * *
You closely miss the orc wizard.
The orc wizard is heavily wounded.
The orc wizard hits you but does no damage.
You hit the orc wizard but do no damage.
The orc wizard is heavily wounded.
The orc wizard hits you with a +0 dagger.
* * * LOW HITPOINT WARNING * * *
You closely miss the orc wizard.
The orc wizard is heavily wounded.
The orc wizard hits you but does no damage.
You hit the orc wizard but do no damage.
The orc wizard is heavily wounded.
The orc wizard hits you with a +0 dagger.
* * * LOW HITPOINT WARNING * * *
You feel better.
The orc wizard hits you with a +0 dagger.
* * * LOW HITPOINT WARNING * * *
You closely miss the orc wizard.
The orc wizard is heavily wounded.
The orc wizard gestures at you while chanting.
You are confused.
You miss the orc wizard.
The orc wizard is heavily wounded.
The orc wizard hits you with a +0 dagger.
* * * LOW HITPOINT WARNING * * *
The orc wizard hits you with a +0 dagger.
You die...

#.# #.##.P.♣.♣♣♣ #.#
#.....P.♣..♣#. #.#
#....PP♣♣♣♣.+. #.#
##.#.P♣♣ ♣♣#. #.#
####♣♣ #.# #.######
#.#....###########
####@#....#.........#
#.[o>................
#.######'##########.#
#.# #...# #.#
#####.### #.≈.# #.#
#.......# #.≈.# ##.#
#.......# #.≈.# #...
#.......###.≈.# #...
#.........#...# #...


You could see an orc wizard.

Vanquished Creatures
  A gnoll (D:1)
  2 dart slugs (D:1)
  2 orcs (D:3)
  6 ball pythons
  7 endoplasms
  4 giant cockroaches
  7 goblins
  3 hobgoblins
  2 quokkas (D:2)
  7 bats
  A frilled lizard (D:2)
  4 kobolds
  6 rats
52 creatures vanquished.

Vanquished Creatures (others)
  A fungus (D:2)
1 creature vanquished.

Grand Total: 53 creatures vanquished

Notes
Turn   | Place    | Note
-------+----------+-------------------------------------------
     0 | D:1      | Descartes the Deep Elf Wanderer began the quest for the
                  | Orb.
     0 | D:1      | Descartes set off with the following items: a +0 dagger, a
                  | +0 robe, 2 potions of curing; and the following spell
                  | memorised: Magic Dart; and the following spells available
                  | to memorise: Blink, Call Imp, Slow, Conjure Flame, Mephitic
                  | Cloud
     0 | D:1      | Reached XP level 1. HP: 12/12 MP: 3/3
    77 | D:1      | Reached skill level 1 in Conjurations
   503 | D:1      | Reached XP level 2. HP: 10/16 MP: 1/4
  1499 | D:1      | Reached XP level 3. HP: 20/20 MP: 0/5
  1719 | D:2      | Found a shimmering altar of Xom.
  1981 | D:2      | Found a faded altar of an unknown god.
  2914 | D:2      | Reached XP level 4. HP: 25/25 MP: 4/6
  2974 | D:2      | Found a runed translucent door.
  2975 | D:2      | Noticed Crazy Yiuf
  3153 | D:2      | HP: 1/25 [orc wizard (2)]
  3157 | D:2      | Slain by an orc wizard

Illustrated notes

Levels and vault maps discovered:
D:1:      psy_arrival_whirlpool, layout_basic, serial_curves, eino_curves_03,
          eino_curves_02
D:2:      layout_basic, hellmonk_ecumenical_altar_run_dry, basic_altar,
          dk_vineyard_2, uniq_crazy_yiuf_cottage
D:3:      layout_loops_ring, serial_bayou_lagoon_b

Skill      XL: |  1  2 |
---------------+-------+-----
Conjurations   | 1 3 |  3.9
Fighting       | |  1.0
Dodging        | |  1.5
Stealth        | |  2.7
Summonings     | |  2.1
Translocations | |  3.2
Evocations     | |  1.1

Action                   |  1- 3 |  4- 6 || total
-------------------------+-------+-------++-------
Melee: Dagger            |    72 |    20 ||    92
 Cast: Magic Dart        |   117 |    15 ||   132
  Use: Potion            |     1 |     1 ||     2
Armor: Robe              |    26 |     5 ||    31
Dodge: Dodged            |    61 |     7 ||    68
